 Dungeon Crawl Stone Soup version 0.17.0-28-g6e173f8 (console) character file.

114 Kloppie the Skirmisher (level 4, -2/40 HPs)
             Began as a Centaur Fighter on Nov 22, 2015.
             Killed from afar by an orc wizard (5 damage)
             ... with a puff of frost
             ... on level 4 of the Dungeon.
             The game lasted 00:04:00 (3142 turns).

Kloppie the Skirmisher (Centaur Fighter)            Turns: 3142, Time: 00:04:00

Health: -2/40      AC:  6    Str: 18    XL:     4   Next: 66%
Magic:  4/4        EV:  5    Int:  7    God:
Gold:   102        SH:  8    Dex: 10    Spells: 0 memorised, 3 levels left

rFire  . . .     SeeInvis .     a - +0 trident
rCold  . . .     Clarity  .     b - +0 scale mail
rNeg   . . .     SustAt   .     c - +0 shield
rPois  .         Gourm    .     (no helmet)
rElec  .         Spirit   .     (no cloak)
rCorr  .         Warding  .     (no gloves)
rMut   .         Stasis   .     (no barding)
MR     +....                    (no amulet)
Stlth  ..........               q - ring of protection from magic
                                m - ring of invisibility

@: very quick, somewhat resistant to hostile enchantments, extremely unstealthy
A: hooves 3, deformed body, speed 2, tough skin 3
a: Evoke Invisibility


You were on level 4 of the Dungeon.
You were not hungry.

You visited 1 branch of the dungeon, and saw 4 of its levels.

You collected 102 gold pieces.

Inventory:

Hand Weapons
 a - a +0 trident (weapon)
Armour
 b - a +0 scale mail (worn)
 c - a +0 shield (worn)
 h - a +0 large shield
Jewellery
 m - a ring of invisibility (left hand)
 q - a ring of protection from magic (right hand)
Scrolls
 f - 3 scrolls of identify {unknown}
 i - a scroll of recharging {unknown}
 k - 2 scrolls of remove curse {unknown}
 l - a scroll of fear {unknown}
 r - 3 scrolls of blinking {unknown}
 v - a scroll of magic mapping {unknown}
 x - a scroll of enchant weapon {unknown}
 y - a scroll of fog {unknown}
 z - 2 scrolls of teleportation {unknown}
Potions
 d - a potion of might
 g - 2 potions of curing {unknown}
 o - a potion of heal wounds {unknown}
 p - a potion of haste {unknown}
 t - a potion of magic {unknown}
 u - 2 potions of lignification {unknown}
 w - a potion of beneficial mutation {unknown}
Comestibles
 e - a bread ration
 j - 2 meat rations
 n - a beef jerky
 s - a slice of pizza


   Skills:
 + Level 4.2 Fighting
 + Level 3.5 Polearms
 - Level 2.1 Armour
 - Level 2.1 Shields


You had 3 spell levels left.
You didn't know any spells.

Dungeon Overview and Level Annotations

Branches:
Dungeon (4/15)
 Temple: D:4-7

Altars:
Vehumet

Annotations:
D:4 Kloppie's ghost, amateur CeFi


Innate Abilities, Weirdness & Mutations

You have hooves in place of feet.
Armour fits poorly on your strangely shaped body.
You cover ground very quickly.
You have extremely tough skin (AC +3).


Message History

You miss something.
The orc wizard points at you and mumbles some strange words.
The puff of frost hits something.
Reactivating autopickup.
You feel a bit more experienced.
You closely miss the orc wizard.
You kick the orc wizard, but do no damage.
The orc wizard hits you but does no damage.
The orc wizard casts a spell at you. The puff of frost hits you!
* * * LOW HITPOINT WARNING * * *
You hit the orc wizard. You kick the orc wizard.
The orc wizard is moderately wounded.
The orc wizard gestures at you while chanting.
The magic dart hits you!
* * * LOW HITPOINT WARNING * * *
The orc wizard hits you but does no damage.
The orc wizard casts a spell at you. The puff of frost hits you!
You die...

#####..W.####..##..# #....
##...h..<.##....)..## ##....
...#########.##.#### #..... #..#
######.รท#..# #.####
#..###.........#### #.# #
..h..b.......o....##### #.# #
.......(...#.####.....######.# #
#####.####........###.....#..####
#.# ##o####@......##........
#.####..# #.........###......
###.#....####o........##.......
.........)...........###.####..
.....##################..# #..
....# ##.## ##.# ##### #..# #(.#
#.## ##..# ###.####<.##


You could see an orc wizard.

Vanquished Creatures
  An orc priest (D:4)
  4 worms
  4 orcs
  4 goblins
  2 hobgoblins (D:1)
  5 kobolds
  2 quokkas
  2 ball pythons
  2 bats (D:2)
  2 giant cockroaches
  5 giant geckos
  3 giant newts
  8 jackals
44 creatures vanquished.

Vanquished Creatures (others)
  An orc wizard (D:4)
1 creature vanquished.

Grand Total: 45 creatures vanquished

Notes
Turn   | Place    | Note
--------------------------------------------------------------
     0 | D:1      | Kloppie the Centaur Fighter began the quest for the Orb.
     0 | D:1      | Reached XP level 1. HP: 19/19 MP: 1/1
   429 | D:1      | Reached XP level 2. HP: 21/26 MP: 2/2
  1226 | D:2      | Found a faded altar to an unknown god.
  1319 | D:2      | Reached XP level 3. HP: 31/31 MP: 3/3
  2185 | D:4      | Noticed Kloppie's ghost (amateur CeFi)
  2700 | D:4      | Reached skill level 4 in Fighting
  2700 | D:4      | Reached XP level 4. HP: 13/40 MP: 4/4
  3027 | D:4      | Found a radiant altar of Vehumet.
  3142 | D:4      | Killed from afar by an orc wizard

Action                   |  1- 3 |  4- 6 || total
-------------------------+-------+-------++-------
Melee: Trident           |   159 |    39 ||   198
  Eat: Chunk             |     4 |     1 ||     5
